AoeStats
← BlckDth

Arena

509510157Analyzed
2v2 RM · 7d ago on Sep 27, 2026· 73m 31s· 4 players
Game mode
Random Map
Map size
Medium (4 player)
Population
200
Speed
Normal
Resources
Standard
Victory
Conquest
Starting age
Dark Age
Ending age
Imperial Age
RankedLock teamsTeams togetherTeam positionsShared explorationLock speedFull tech treeHidden civsTurbo modeCheats
Victory
Defeat
🇦🇺 Teutons · Australia
709
+17
🇦🇷 Vikings · Argentina
684
+18
🇺🇸 Byzantines · United States
764
-19
🇲🇽 Khmer · Mexico
693
-16
Venom8066
10:05 Feudal Age
16:45 Castle Age
15:23 Double-Bit Axe
15:34 Horse Collar
19:41 Stone Mining
21:12 Gold Mining
21:55 Pikeman
25:53 Wheelbarrow
25:36 Gambesons
25:53 Squires
27:41 Arson
31:24 Imperial Age
29:27 Fletching
29:49 Forging
29:39 Scale Mail Armor
30:07 Heavy Plow
30:51 Ballistics
31:43 Hand Cart
31:16 Town Watch
32:31 Conscription
32:40 Bow Saw
32:51 Halberdier
33:43 Town Patrol
35:07 Chemistry
35:36 Bloodlines
34:47 Cavalier
35:43 Onager
37:39 Crop Rotation
38:11 Paladin
39:18 Bodkin Arrow
39:59 Iron Casting
39:39 Chain Mail Armor
39:30 Scale Barding Armor
39:45 Fortified Wall
43:10 Ironclad
43:03 Siege Engineers
43:11 Masonry
45:11 Blast Furnace
44:42 Plate Mail Armor
44:33 Chain Barding Armor
55:50 Plate Barding Armor
55:41 Siege Onager
62:04 Hoardings
62:00 Elite Teutonic Knight
67:18 Crenellations
70:46 Two-Man Saw
Musaf
10:56 Feudal Age
11:59 Horse Collar
11:48 Man-at-Arms
15:35 Arson
16:10 Loom
19:15 Forging
19:07 Scale Mail Armor
21:14 Double-Bit Axe
21:21 Gold Mining
21:25 Stone Mining
26:27 Castle Age
26:28 Long Swordsman
27:56 Iron Casting
27:51 Squires
31:14 Heavy Plow
32:29 Gold Shaft Mining
33:48 Bow Saw
41:28 Imperial Age
44:30 Fortified Wall
44:42 Ballistics
45:08 Conscription
46:03 Murder Holes
45:59 Elite Varangian Guard
46:09 Pikeman
48:14 Two-Man Saw
47:46 Crop Rotation
49:51 Chain Mail Armor
52:48 Town Watch
53:37 Plate Mail Armor
54:27 Elite Berserk
56:19 Chieftains
57:44 Blast Furnace
56:53 Town Patrol
68:45 Fletching
69:58 Chemistry
69:09 Masonry
68:42 Capped Ram
69:55 Siege Ram
71:19 Caravan
BlckDth
2:59 Loom
13:40 Feudal Age
14:06 Town Watch
15:02 Double-Bit Axe
21:59 Castle Age
21:46 Horse Collar
23:34 Wheelbarrow
27:41 Fortified Wall
28:17 Bow Saw
29:51 Masonry
30:30 Stone Mining
32:20 Gold Mining
36:39 Gold Shaft Mining
39:07 Imperial Age
49:15 Hand Cart
52:24 Stone Shaft Mining
51:29 Heavy Scorpion
60:28 Pikeman
60:57 Arson
65:11 Town Patrol
67:59 Halberdier
infamuzo
8:58 Loom
10:50 Feudal Age
11:18 Double-Bit Axe
18:29 Castle Age
19:29 Wheelbarrow
18:37 Horse Collar
25:26 Heavy Plow
25:40 Bow Saw
31:53 Imperial Age
30:28 Hand Cart
29:53 Pikeman
40:03 Chemistry
41:55 Cavalier
43:34 Arson
47:46 Loom
48:05 Husbandry
48:20 Forging
48:10 Scale Mail Armor
48:16 Scale Barding Armor
49:38 Ballistics
49:14 Murder Holes
51:38 Squires
53:18 Light Cavalry
53:43 Halberdier
58:40 Iron Casting
58:21 Chain Mail Armor
Connection lost

Rejoining the realm…

Still unreachable

The connection could not be restored.

Session expired

The server has moved on; the page needs a fresh start.